 Dungeon Crawl Stone Soup version 0.18.1-48-g4cf74bf (webtiles) character file.

254 Peloso the Shield-Bearer (level 5, 0/47 HPs)
             Began as a Minotaur Fighter on Aug 13, 2016.
             Killed by divine providence
             ... invoked by an orc priest
              (14 damage)
             ... on level 4 of the Dungeon.
             The game lasted 00:05:57 (2068 turns).

Peloso the Shield-Bearer (Minotaur Fighter)         Turns: 2068, Time: 00:05:58

Health: 0/47       AC: 12    Str: 20    XL:     5   Next: 91%
Magic:  4/4        EV:  4    Int:  1    God:
Gold:   186        SH: 10    Dex: 11    Spells: 0 memorised, 4 levels left

rFire  . . .     SeeInvis .     a - +1 long sword
rCold  . . .     Gourm    .     o - +0 plate armour
rNeg   . . .     Faith    .     c - +0 shield
rPois  .         Spirit   .     (helmet restricted)
rElec  .         Dismiss  .     (no cloak)
rCorr  .         Reflect  .     (no gloves)
SustAt .         Harm     .     (no boots)
MR     .....                    (no amulet)
Stlth  ..........               s - -4 ring of intelligence (curse)
                                w - ring of loudness (curse)

@: not resistant to hostile enchantments, extremely unstealthy
A: retaliatory headbutt, horns 2
a: no special abilities


You were on level 4 of the Dungeon.
You were not hungry.

You visited 1 branch of the dungeon, and saw 4 of its levels.

You collected 186 gold pieces.

Inventory:

Hand Weapons
 a - a +1 long sword (weapon)
 u - a +0 morningstar of flaming
Armour
 b - a +0 scale mail
 c - a +0 shield (worn)
 o - a +0 plate armour (worn)
 p - a cursed +0 chain mail
Jewellery
 l - a +4 ring of strength
 s - a cursed -4 ring of intelligence (right hand)
 w - a cursed ring of loudness (left hand)
 z - an uncursed ring of stealth {unknown}
Scrolls
 i - a scroll of enchant weapon
 r - 2 scrolls of teleportation
Potions
 e - 2 potions of agility
 h - a potion of cure mutation
 k - 2 potions of flight {unknown}
 t - a potion of ambrosia {unknown}
 v - a potion of cancellation {unknown}
 A - a potion of brilliance {unknown}
Comestibles
 d - 7 chunks of flesh
 f - 4 bread rations
 g - a slice of pizza
 j - 5 fruits
 m - a meat ration
 n - 2 royal jellies
 q - a beef jerky


   Skills:
 + Level 4.9 Fighting
 + Level 3.9 Long Blades
 + Level 4.8 Armour
 + Level 1.4 Dodging
 + Level 5.3 Shields


You had 4 spell levels left.
You didn't know any spells.

Dungeon Overview and Level Annotations

Branches:
Dungeon (4/15)
 Temple: D:4-7

Altars:
Dithmenos
Gozag
Nemelex Xobeh
Okawaru
Yredelemnul


Innate Abilities, Weirdness & Mutations

You reflexively headbutt those who attack you in melee.
You have a pair of horns on your head.


Message History

u - a morningstar of flaming Eating one of 8 chunks of flesh.
This raw flesh tastes terrible.
You continue eating. x2
You open the door.
A worker ant comes into view.
An orc priest and an orc wizard come into view.
The orc wizard shouts!
The orc priest shouts!
The worker ant bites you but does no damage.
There is an open door here.
You hit the worker ant.
The worker ant is lightly wounded.
The worker ant bites you but does no damage.
The worker ant barely misses you.
An orc comes into view. It is wielding a flail.
The orc shouts!
You hit the worker ant but do no damage.
The worker ant is lightly wounded.
The orc priest mumbles some strange prayers to Beogh against you.
Beogh smites you!
You die...

##.###########.#
#.# #.# #.# #.#
##+# #.# #...#
##.# .....# ##..#
......# ##..###
.oo....####.....#
..o...a@........#
.......####...#.#
......# ##.##.#
.....# ### .#
#...# # ##+#


You could see a worker ant, an orc priest, an orc wizard and an orc.

Vanquished Creatures
  The ghost of mishamorgan the Conjurer, an amateur HECj (D:3)
  2 orc priests
  An orc wizard (D:4)
  An ooze (D:2)
  2 worms (D:2)
  2 dart slugs (D:1)
  4 giant geckos
  10 orcs
  2 bats (D:2)
  3 giant cockroaches
  10 goblins
  6 hobgoblins
  2 jackals (D:1)
  2 quokkas (D:2)
  5 giant newts
  5 kobolds
  10 rats
68 creatures vanquished.

Notes
Turn   | Place    | Note
--------------------------------------------------------------
     0 | D:1      | Peloso the Minotaur Fighter began the quest for the Orb.
     0 | D:1      | Reached XP level 1. HP: 19/19 MP: 0/0
   121 | D:1      | Reached XP level 2. HP: 26/27 MP: 1/1
   173 | D:1      | Reached skill level 4 in Shields
   319 | D:1      | Reached XP level 3. HP: 33/33 MP: 2/2
   624 | D:2      | Found an iron altar of Okawaru.
   752 | D:2      | Found an opulent altar of Gozag.
   752 | D:2      | Found a basalt altar of Yredelemnul.
   756 | D:2      | Found a sparkling altar of Nemelex Xobeh.
   757 | D:2      | Found a shadowy altar of Dithmenos.
  1156 | D:3      | Reached XP level 4. HP: 41/41 MP: 3/3
  1578 | D:3      | Noticed mishamorgan's ghost (amateur HECj)
  1579 | D:3      | Reached skill level 1 in Dodging
  1582 | D:3      | HP: 1/41 [orc priest/nerve-wracking pain (4)]
  1618 | D:3      | Killed mishamorgan's ghost
  1618 | D:3      | Reached XP level 5. HP: 30/47 MP: 4/4
  2009 | D:4      | Reached skill level 5 in Shields
  2068 | D:4      | Killed from afar by an orc priest

Skill      XL: |  1  2  3  4  5 |
---------------+----------------+-----
Shields        | 4 5 |  5.3
Fighting       | 4 |  4.9
Armour         | 4 |  4.8
Long Blades    | 3 |  3.9
Dodging        | 1 |  1.4

Action                   |  1- 3 |  4- 6 || total
-------------------------+-------+-------++-------
Melee: Long sword        |   122 |    56 ||   178
       Headbutt          |    17 |    16 ||    33
  Use: Scroll            |     8 |     3 ||    11
       Potion            |       |     3 ||     3
  Eat: Chunk             |     1 |     3 ||     4
Armor: Scale mail        |    29 |       ||    29
       Plate armour      |    23 |    36 ||    59
Dodge: Dodged            |    28 |    15 ||    43
Block: Shield            |    56 |    25 ||    81
